 Dungeon Crawl Stone Soup version 0.28.0-45-g0d030f2227 (webtiles) character file.

Game seed: 17347965446317126274

9 Iusername the Skirmisher (level 2, -3/26 HPs)
             Began as a Draconian Chaos Knight on Apr 6, 2022.
             Was a Plaything of Xom.
             Slain by a chaos spawn (11 damage)
             ... summoned by Xom
             ... on level 1 of the Dungeon.
             The game lasted 00:04:43 (657 turns).

Iusername the Skirmisher (Draconian Chaos Knight)    Turns: 657, Time: 00:04:44

Health: -3/26      AC:  4    Str: 14    XL:     2   Next: 3%
Magic:  2/2        EV:  6    Int: 12    God:    Xom [......]
Gold:   20         SH:  0    Dex: 10    Spells: 1/1 levels left

rFire   . . .      SeeInvis .   a - +0 falchion (chaos)
rCold   . . .      Faith    .   (no shield)
rNeg    . . .      Spirit   .   (armour unavailable)
rPois   .          Reflect  .   (helmet restricted)
rElec   .          Harm     .   (no cloak)
rCorr   .          Rampage  .   (no gloves)
Will    .....                   (no boots)
Stlth   +.........              (no amulet)
HPRegen 0.08/turn               (no ring)
MPRegen 0.08/turn               (no ring)

@: petrifying, very slow
A: AC +4, unfitting armour, cold-blooded
a: Renounce Religion


You were on level 1 of the Dungeon.
You worshipped Xom.
You were a very special plaything of Xom.
You visited 1 branch of the dungeon, and saw 1 of its levels.

You collected 20 gold pieces.

Inventory:

Hand Weapons
 a - a +0 falchion of chaos (weapon)
Scrolls
 d - a scroll of teleportation {unknown}
Potions
 b - 2 potions of degeneration {unknown}
 c - a potion of attraction {unknown}
 e - a potion of curing {unknown}


   Skills:
 + Level 3.6 Fighting
 + Level 3.2 Long Blades
 + Level 2.2 Dodging


You had one spell level left.
You didn't know any spells.
Your spell library was empty.

Dungeon Overview and Level Annotations

Branches:
Dungeon (1/15)

Altars:

Shops:
D:1 [


Innate Abilities, Weirdness & Mutations

Your plain brown scales are hard. (AC +4)
You cannot fit into any form of body armour.
You are cold-blooded and may be slowed by cold attacks.


Message History

No target in view!
No target in view!
No target in view!
No target in view!
No target in view!
No target in view!
No target in view!
No target in view!
No target in view!
No target in view!
b - 2 murky purple potions (gained 1)
You see here 3 poisoned darts.
You see here a +0 hunting sling.
Found a hand axe.
You see here a +0 hand axe.
Done exploring.
Done exploring.
Done exploring. "Time to have some fun!"
You hit the chaos spawn.
The chaos spawn is poisoned.
The chaos spawn is lightly wounded.
The chaos spawn gores you but does no damage.
You closely miss the chaos spawn.
Your tail-slap misses the chaos spawn.
The chaos spawn is moderately wounded.
The chaos spawn closely misses you.
You hit the chaos spawn. You freeze the chaos spawn.
The chaos spawn is heavily wounded.
The chaos spawn misses you.
You closely miss the chaos spawn.
Your tail-slap misses the chaos spawn.
The chaos spawn is heavily wounded.
The chaos spawn hits you!
Ouch! That really hurt!
You emit a cloud of colourful smoke!
You are slowing down.
You hit the chaos spawn but do no damage.
The chaos spawn suddenly seems more agile.
Xom is highly amused!
The chaos spawn is heavily wounded.
The chaos spawn gores you. The chaos spawn gores you!
You die...

###########
####......ยงยงยง#
#......#####@#
#.##.#.# #4#
#.##.#.#####5#
#####.##.#....##.#
......##.####.##.#
########)####.##.#
#############
#.#.......#
#............
#.#.##.##.#
#.###########
#.#.##.##.####.#


You could see a chaos spawn (summoned, agile, very poisoned) and a shadow imp
(summoned).

Vanquished Creatures
  3 goblins (D:1)
  A hobgoblin (D:1)
  2 ball pythons (D:1)
  A bat (D:1)
  2 rats (D:1)
9 creatures vanquished.

Notes
Turn   | Place    | Note
-------+----------+-------------------------------------------
     0 | D:1      | Iusername the Draconian Chaos Knight began the quest for
                  | the Orb.
     0 | D:1      | Reached XP level 1. HP: 19/19 MP: 1/1
   215 | D:1      | Found Jiastruat's Armour Boutique.
   419 | D:1      | Reached XP level 2. HP: 26/26 MP: 2/2
   652 | D:1      | XOM: summons 2 hostile demons
   653 | D:1      | Noticed a chaos spawn
   656 | D:1      | XOM: smoke on damage
   657 | D:1      | Slain by a chaos spawn

Illustrated notes

Levels and vault maps discovered:
D:1:      dpeg_arrival_shelter, layout_loops_ring, serial_shops,
          nicolae_shop_waterfront, minmay_misc_feat_diagonals,
          chequers_serial_rivers_room_b

Action                   || total
-------------------------++-------
Melee: Falchion          ||    22
       Tailslap          ||     1
 Stab: Sleeping          ||     1
Armor: Skin              ||     7
Dodge: Dodged            ||    19
